 Dungeon Crawl Stone Soup version 0.30-b1-2-g02819fbbbe (webtiles) character file.

Game seed: 5638486247001962440

9 FarmingIce the Sneak (level 2, -6/22 HPs)
             Began as a Human Brigand on Oct 30, 2023.
             Killed from afar by Natasha (8 damage)
             ... with a puff of flame
             ... on level 2 of the Dungeon.
             The game lasted 00:06:00 (287 turns).

FarmingIce the Sneak (Human Brigand)                 Turns: 287, Time: 00:06:00

Health: -6/22      AC:  3    Str: 11    XL:     2   Next: 25%
Magic:  2/2        EV: 11    Int: 11    God:
Gold:   7          SH:  0    Dex: 14    Spells: 1/1 levels left

rFire   . . .        a - +3 dagger
rCold   . . .        (no shield)
rNeg    . . .        b - +0 robe
rPois   .            (no helmet)
rElec   .            c - +0 cloak
rCorr   .            (no gloves)
SInv    .            (no boots)
Will    .....        (no amulet)
Stlth   +++          (no ring)
HPRegen 0.23/turn    (no ring)
MPRegen 0.08/turn

%: no passive effects
@: slowed, very slow
A: no striking features
a: no special abilities


You were on level 2 of the Dungeon.
You visited 1 branch of the dungeon, and saw 2 of its levels.

You collected 7 gold pieces.

Inventory:

Hand Weapons
 a - a +3 dagger (weapon)
 g - a +0 quarterstaff
Missiles
 d - 9 poisoned darts (quivered)
 e - 3 curare-tipped darts
 f - 3 stones
Armour
 b - a +0 robe (worn)
 c - a +0 cloak (worn)
Potions
 h - a potion of brilliance {unknown}


   Skills:
 + Level 2.2 Fighting
 + Level 2.1 Short Blades
 + Level 2.0 Throwing
 + Level 1.0 Dodging
 + Level 4.3 Stealth


You had one spell level left.
You didn't know any spells.
Your spell library was empty.

Dungeon Overview and Level Annotations

Branches:
Dungeon (2/15)

Altars:

Annotations:
D:2 Natasha


Message History

Found a bubbling black potion.
You now have 7 gold pieces.
h - a bubbling black potion
There are no items here.
There is a stone staircase leading down here.
You climb downwards.
There is a stone staircase leading up here.
Natasha, Servant of Life and Death comes into view.
She is carrying a wand of flame (12).
A frilled lizard comes into view.
Natasha hisses angrily.
A kobold comes into view. It is wielding a +0 short sword.
Natasha stares at you and mumbles some strange words.
You feel yourself slow down. Natasha completely misses you.
The kobold shouts!
You hit Natasha.
Natasha is moderately wounded.
The frilled lizard hisses angrily.
Natasha closely misses you. Natasha claws you!
You closely miss Natasha.
Natasha is moderately wounded.
Natasha casts a spell.
You hit Natasha.
Natasha is heavily wounded.
Natasha claws you!
The cerulean imp hits you but does no damage.
You hit Natasha.
Natasha is almost dead.
Natasha stares at you and mumbles some strange words.
You feel as though you will be slow longer.
The kobold hits you but does no damage.
The cerulean imp hits you with a +1 spear.
* * * LOW HITPOINT WARNING * * *
Natasha claws you but does no damage. The kobold hits you but does no damage.
You closely miss Natasha.
Natasha is almost dead.
The cerulean imp hits you with a +1 spear.
* * * LOW HITPOINT WARNING * * *
Natasha zaps a wand.
The puff of flame hits you!
You die...

#.# #.##..# #.#
.......# #.# ......#
#.# .....# #.#
....####
#.##.####......###
#.##.............##
####.#######.#hl......
#............5@K....#
####.#######.#........
#.# #.#######.. #.#
#.# #.# #.# ### ...
###


You could see Natasha, a cerulean imp (summoned), a kobold and a frilled lizard.

Vanquished Creatures
  A giant cockroach (D:1)
  4 quokkas (D:1)
  2 ball pythons (D:1)
  A bat (D:1)
8 creatures vanquished.

Notes
Turn   | Place    | Note
-------+----------+-------------------------------------------
     0 | D:1      | FarmingIce the Human Brigand began the quest for the Orb.
     0 | D:1      | Reached XP level 1. HP: 16/16 MP: 1/1
    98 | D:1      | Reached XP level 2. HP: 12/22 MP: 2/2
   275 | D:2      | Noticed Natasha
   287 | D:2      | Killed from afar by Natasha

Illustrated notes

Levels and vault maps discovered:
D:1:      dpeg_arrival_lava_temple_mockup, layout_rooms
D:2:      layout_basic, chequers_ecumenical_altar_simple_redux, uniq_jessica,
          uniq_robin, uniq_natasha

Action                     || total
---------------------------++-------
  Melee: Dagger            ||    33
    Use: Scroll            ||     2
   Stab: Sleeping          ||     3
 Armour: Robe              ||    13
  Dodge: Dodged            ||    13
